 Seeded DCSS version 0.30.1-9-gdf580d7c3d (webtiles) character file.

Game seed: 920673320228942481 (custom seed)

4287 Psyclone the Devastator (level 10, 50/50 HPs)
             Began as a Deep Elf Conjurer on Oct 9, 2023.
             Quit the game on level 2 of the Dungeon.
             The game lasted 00:20:52 (9775 turns).

Psyclone the Devastator (Deep Elf Conjurer)         Turns: 9775, Time: 00:20:53

Health: 50/50      AC: 11    Str:  4    XL:     10   Next: 10%
Magic:  16/16      EV: 27    Int: 28    God:
Gold:   357        SH:  0    Dex: 13    Spells: 4/15 levels left

rFire   . . .        v - +5 spear
rCold   . . .        (no shield)
rNeg    . . .        w - +0 steam dragon scales
rPois   .            C - +1 helmet
rElec   .            (no cloak)
rCorr   .            (no gloves)
SInv    .            (no boots)
Will    +....        h - amulet of the acrobat
Stlth   ++           z - +4 ring of protection
HPRegen 0.28/turn    (no ring)
MPRegen 0.15/turn

%: acrobat
@: acrobatic
A: no striking features
a: no special abilities


You were on level 2 of the Dungeon.
You visited 2 branches of the dungeon, and saw 8 of its levels.

You collected 357 gold pieces.

Inventory:

Hand Weapons
 v - a +5 spear (weapon)
Armour
 a - a +0 robe
 d - a +2 robe
 w - +0 steam dragon scales (worn)
 x - a +0 buckler
 C - a +1 helmet (worn)
Magical Staves
 E - a staff of poison
Jewellery
 h - an amulet of the acrobat (around neck)
 t - the amulet "Deiwnuuf" {Spirit rPois Str+4}
   (You found it on level 5 of the Dungeon)

   [amulet of guardian spirit]

   It causes incoming damage to be divided between your reserves of health and
   magic.
   Str:       It affects your strength (+4).
   rPois:     It protects you from poison.
 z - a +4 ring of protection (left hand)
 A - an amulet of regeneration
 B - the amulet "Giogomotz" {rF+++ Regen+ Str+6 Int+3}
   (You found it on level 6 of the Dungeon)

   [amulet of regeneration]

   Str:       It affects your strength (+6).
   Int:       It affects your intelligence (+3).
   rF:        It renders you almost immune to fire.
   Regen:     It increases your rate of health regeneration.
Wands
 i - a wand of paralysis (12)
 o - a wand of polymorph (3)
Scrolls
 c - 3 scrolls of acquirement {unknown}
 e - 4 scrolls of teleportation
 f - 4 scrolls of identify {unknown}
 g - 2 scrolls of fear {unknown}
 j - a scroll of amnesia {unknown}
 k - a scroll of poison {unknown}
 q - a scroll of vulnerability {unknown}
 r - 3 scrolls of enchant weapon {unknown}
 s - 5 scrolls of noise {unknown}
 u - 2 scrolls of fog {unknown}
 y - a scroll of immolation {unknown}
 D - a scroll of enchant armour {unknown}
Potions
 b - a potion of lignification {unknown}
 l - 3 potions of curing {unknown}
 m - a potion of ambrosia {unknown}
 p - 3 potions of might {unknown}
 F - a potion of resistance
 G - 2 potions of attraction {unknown}


   Skills:
 - Level 2.7 Dodging
 - Level 2.7 Stealth
 - Level 3.3 Spellcasting
 + Level 16.1 Conjurations


You had 4 spell levels left.
You knew the following spells:

 Your Spells              Type           Power      Damage    Failure   Level
a - Magic Dart            Conj           100%       1d8       0%          1
b - Searing Ray           Conj           100%       2d8       0%          2
d - Fulminant Prism       Conj/Hex       24%        3d12      3%          4
e - Iskenderun's Mystic   Conj/Tloc      49%        2d11      3%          4

Your spell library contained the following spells:

 Spells                   Type           Power      Damage    Failure   Level
 Foxfire                  Conj/Fire      100%       2x1d9     1%          1
 Dazzling Flash           Conj/Hex       98%        N/A       1%          3
 Stone Arrow              Conj/Erth      98%        3d13      1%          3
 Mephitic Cloud           Conj/Pois/Air  34%        N/A       2%          3
 Sandblast                Erth           8%         2d5       9%          1
 Blink                    Tloc           8%         N/A       12%         2
 Passwall                 Tmut/Erth      3%         N/A       12%         2
 Poisonous Vapours        Pois/Air       8%         N/A       12%         2
 Vampiric Draining        Necr           4%         2d6       24%         3
 Manifold Assault         Tloc           4%         N/A       63%         4
 Summon Lightning Spire   Summ/Air       4%         N/A       63%         4
 Fireball                 Conj/Fire      24%        3d11      9%          5
 Freezing Cloud           Conj/Ice/Air   17%        6-21      24%         5
 Starburst                Conj/Fire      24%        6d8       41%         6
 Borgnjor's Vile Clutch   Necr/Erth      2%         N/A       92%         5
 Plasma Beam              Fire/Air       2%         2x1d13    100%        6
 Storm Form               Tmut/Air       2%         N/A       100%        7
 Borgnjor's Revivificati  Necr           2%         N/A       100%        8
 Maxwell's Capacitive Co  Air            2%         ∞         100%        8


Dungeon Overview and Level Annotations

Branches:
Dungeon (7/15) Zot: 24162  Temple (1/1) D:6 Zot: 5919

Altars:
Ashenzari
Cheibriados
Dithmenos
Elyvilon
Fedhas
Gozag
Hepliaklqana
Kikubaaqudgha
Makhleb
Nemelex Xobeh
Okawaru
Qazlal
Ru
Sif Muna
Trog
Uskayaw
Vehumet
Xom
Zin
The Shining One

Shops:
D:3 *:


Message History

Casting: Searing Ray (safe; 0% risk of failure)
Confirm with . or Enter, or press ? or * to list all spells.
Aiming: Searing Ray (safe; 0% risk of failure)
Press: ? - help, Shift-Dir - straight line, f - giant cockroach
Aim: a giant cockroach (83% to hit)
The searing ray hits the giant cockroach!
You kill the giant cockroach! (Press . to maintain the ray.)
You now have 14/16 mp.
An endoplasm comes into view.
The endoplasm quivers.
Found a spear.
The endoplasm misses you.
Casting: Searing Ray (safe; 0% risk of failure)
Confirm with . or Enter, or press ? or * to list all spells.
Aiming: Searing Ray (safe; 0% risk of failure)
Press: ? - help, Shift-Dir - straight line, f - endoplasm
Aim: an endoplasm (98% to hit)
The searing ray hits the endoplasm.
The endoplasm is almost dead. (Press . to maintain the ray.)
The endoplasm freezes you.
You are frozen.
You take 1 damage, and have 49/50 hp.
You now have 13/16 mp.
The searing ray hits the endoplasm.
You kill the endoplasm!
Health restored: 50 You now have 12/16 mp.
Found a stone staircase leading up.
There is a stone staircase leading up here.
There is a stone staircase leading up here.
You climb upwards.
There is a stone staircase leading down here.
MP restored: 16
Found 13 gold pieces.
You now have 357 gold pieces (gained 13).
There is a stone staircase leading down here.
You climb downwards.
There is a stone staircase leading up here.
Unknown command.
Are you sure you want to abandon this character and quit the game? (Confirm with "yes".)

#.###...# ##.......## #
#.#.# ##.....## #.#.#
##...## #.###.#.## ##'##
#........# #.#
#.###.#<.# #.#
#........# ##.##
#.###.##.######...######
#...@...............
####.####.#...###### #.#
#.....# ..# ####.## ####
#.# #.# #.# #.# #.#


There were no monsters in sight!

Vanquished Creatures
  A kobold demonologist (D:6)
  Sigmund (D:4)
  Menkaure (D:5)
  2 steam dragons
  A water moccasin (D:4)
  Duvessa (D:7)
  A sky beast (D:7)
  3 black bears
  An orc warrior (D:7)
  An ice beast (D:6)
  2 ogres
  2 centaurs (D:6)
  2 phantoms (D:6)
  2 kobold brigands
  Blork the orc (D:4)
  A gnoll sergeant (D:7)
  3 bullfrogs
  9 scorpions
  5 wights
  Dowan (D:7)
  8 killer bees (D:7)
  4 hounds
  An orc priest (D:6)
  2 jellies (D:6)
  An iguana (D:5)
  Ijyb (D:5)
  6 orc wizards
  Robin (D:4)
  6 gnolls
  5 adders
  4 white imps
  An ufetubus (D:6)
  A worm (D:3)
  A dart slug (D:2)
  25 orcs
  5 endoplasms
  2 giant cockroaches
  6 goblins
  6 hobgoblins
  A quokka (D:4)
  7 ball pythons
  2 bats (D:3)
  15 kobolds
  3 rats (D:3)
155 creatures vanquished.

Vanquished Creatures (others)
  3 fulminant prisms (D:7)
3 creatures vanquished.

Grand Total: 158 creatures vanquished

Notes
Turn   | Place    | Note
-------+----------+-------------------------------------------
     0 | D:1      | Psyclone the Deep Elf Conjurer began the quest for the Orb.
     0 | D:1      | Reached XP level 1. HP: 10/10 MP: 6/6
   104 | D:2      | Reached XP level 2. HP: 11/15 MP: 2/8
   173 | D:3      | Learned a level 2 spell: Searing Ray
   200 | D:3      | Found Rylak's Book Boutique.
   311 | D:3      | Found Xyxiz's Assorted Antiques.
   740 | D:3      | Reached skill level 5 in Conjurations
  1122 | D:4      | Noticed a black bear
  1128 | D:4      | Killed a black bear
  1129 | D:4      | Reached skill level 6 in Conjurations
  1129 | D:4      | Reached XP level 3. HP: 19/19 MP: 0/9
  1129 | D:4      | Reached XP level 4. HP: 24/24 MP: 0/10
  1263 | D:4      | Noticed Sigmund
  1276 | D:4      | Killed Sigmund
  1277 | D:4      | Reached skill level 7 in Conjurations
  1277 | D:4      | Reached XP level 5. HP: 10/28 MP: 3/11
  1277 | D:4      | Reached XP level 6. HP: 11/32 MP: 3/12
  1515 | D:4      | Noticed Blork the orc
  1525 | D:4      | Killed Blork the orc
  1526 | D:4      | Reached skill level 8 in Conjurations
  1895 | D:4      | Reached skill level 9 in Conjurations
  1895 | D:4      | Reached XP level 7. HP: 36/36 MP: 4/13
  1979 | D:4      | Got the Precepts of Hapless Last Rites
  2275 | D:4      | Noticed Robin
  2279 | D:4      | Killed Robin
  2723 | D:5      | Entered Level 5 of the Dungeon
  2917 | D:5      | Reached skill level 10 in Conjurations
  2928 | D:5      | Noticed Ijyb
  3050 | D:4      | HP: 1/36 [wight/+2 falchion (8)]
  3203 | D:5      | Killed Ijyb
  3473 | D:5      | Noticed Menkaure
  3482 | D:5      | Killed Menkaure
  3483 | D:5      | Reached skill level 11 in Conjurations
  3483 | D:5      | Reached XP level 8. HP: 41/41 MP: 4/14
  3806 | D:5      | Identified the amulet "Deiwnuuf" {Spirit rPois Str+4}
  4348 | D:5      | Found a sacrificial altar of Ru.
  4592 | D:5      | Reached skill level 12 in Conjurations
  5025 | D:6      | Learned a level 4 spell: Fulminant Prism
  5030 | D:6      | Learned a level 4 spell: Iskenderun's Mystic Blast
  5246 | D:6      | HP: 1/41 [bullfrog (3)]
  5248 | D:6      | Reached skill level 13 in Conjurations
  5420 | D:6      | Reached XP level 9. HP: 34/45 MP: 3/15
  5700 | D:6      | Identified the amulet "Giogomotz" {rF+++ Regen+ Str+6
                  | Int+3}
  5723 | D:6      | Found a staircase to the Ecumenical Temple.
  5835 | Temple   | Entered the Ecumenical Temple
  6169 | D:6      | Found a burning altar of Makhleb.
  6240 | D:6      | Noticed a kobold demonologist
  6247 | D:6      | Noticed a hellwing
  6248 | D:6      | Killed a kobold demonologist
  6249 | D:6      | Reached skill level 14 in Conjurations
  6976 | D:7      | Reached skill level 15 in Conjurations
  7211 | D:7      | Found a blossoming altar of Fedhas.
  7580 | D:7      | Noticed Dowan
  7842 | D:7      | Killed Dowan
  7955 | D:7      | Noticed Duvessa
  7972 | D:7      | Killed Duvessa
  8037 | D:7      | Reached XP level 10. HP: 45/50 MP: 10/16
  8205 | D:7      | Reached skill level 16 in Conjurations
  8234 | D:7      | Found a glowing silver altar of Zin.
  8341 | D:7      | Found an opulent altar of Gozag.
  8346 | D:7      | Found a broken altar of Ashenzari.
  9775 | D:2      | Quit the game

Illustrated notes

Levels and vault maps discovered:
D:1:      dpeg_arrival_orchard, layout_basic
D:2:      layout_loops_corners, uniq_natasha, uniq_crazy_yiuf_cottage
D:3:      layout_basic, serial_shops, nicolae_shop_stone, shop
D:4:      layout_basic, nicolae_figureground_sparkle, uniq_sigmund, uniq_robin,
          uniq_blork_the_orc
D:5:      layout_cave_pools, nicolae_ru_path_of_blood, minmay_quadrilaterals,
          uniq_menkaure, uniq_ijyb
D:6:      cheibrodos_barr_body, layout_rooms, lemuel_doored_altar,
          minmay_temple_entry_large_hall, hangedman_decor_growths,
          minmay_fractal_squares_gapless_5
D:7:      layout_basic, mainiacjoe_overflow_big_doors, lemuel_tele_altar,
          zin_scriptorium, nicolae_figureground_pulse, uniq_duvessa
Temple:   nicolae_temple_great_sept

Skill      XL: |  1  2  3  4  5  6  7  8  9 10 |
---------------+-------------------------------+-----
Conjurations   | 6 7 9 11 13 15 16 | 16.1
Dodging        | |  2.7
Stealth        | |  2.7
Spellcasting   | |  3.3

Action                     |  1- 3 |  4- 6 |  7- 9 | 10-12 || total
---------------------------+-------+-------+-------+-------++-------
  Melee: Unarmed           |       |       |     8 |       ||     8
         Spear             |       |       |    14 |    23 ||    37
         Punch             |       |       |       |     2 ||     2
   Cast: Magic Dart        |    36 |    35 |    82 |    11 ||   164
         Searing Ray       |     1 |     6 |    70 |    13 ||    90
         Fulminant Prism   |       |       |     3 |       ||     3
         Iskenderun's Myst |       |       |     2 |     1 ||     3
    Use: Potion            |       |     3 |     3 |       ||     6
         Scroll            |       |       |     1 |       ||     1
   Stab: Distracted        |       |       |       |     1 ||     1
 Armour: Robe              |     2 |     1 |    15 |       ||    18
         Skin              |       |       |     3 |       ||     3
         Steam dragon scal |       |       |    29 |     8 ||    37
  Dodge: Dodged            |       |    17 |   190 |    37 ||   244
